cohdb
Replays
Latest Replays
All Replays
Popular Replays
Top Player Replays
Match Explorer
How It Works
Community
CoH3 Stats
Reddit
Sign in to upload your games and track your stats! →
Sign in with Steam
Match 43949417
Unlisted
Match 43949417
Overview
Messages
Build Orders
End
Construct Infanterie Kompanie
Selects Terror Battlegroup
Selects Machine Gun Camouflage
MG 42 Machine Gun Team
MG 42 Machine Gun Team
GrW 34 Mortar Team
MG 42 Machine Gun Team
Construct Panzergrenadier Kompanie
Panzergrenadier Squad
Selects Contempt for the Weak
251 Medium Carrier
Panzergrenadier Officer Quarters
Panzergrenadier Squad
Pak 40 Anti-tank Gun Team
Medical Bunker
Selects Propaganda Leaflet Drop
Pak 40 Anti-tank Gun Team
Construct Panzer Kompanie
Propaganda Leaflet Drop
Selects No Quarter
Propaganda Leaflet Drop
Sturmpanzer IV Brummbär
Side Skirts
Propaganda Leaflet Drop
Stoßtruppen Squad
Panzer Officer Quarters
Pak 40 Anti-tank Gun Team
Propaganda Leaflet Drop
Selects V1 Rocket Strike
bigcheese
Drink||Belzebuth
Pablo12GR
MTranquilo
Gray
Mpeezy
0
0
Comments
sign in to comment!
No comments posted yet!